 Dungeon Crawl Stone Soup version 0.28-a0-655-g4eb62b627b (webtiles) character file.

Game seed: 5412856368884457660

47 Woods the Grave Robber (level 3, 12/16 HPs)
             Began as a Vine Stalker Necromancer on Oct 13, 2021.
             Was a Follower of Yredelemnul.
             Quit the game on level 2 of the Dungeon.
             The game lasted 00:06:12 (3161 turns).

Woods the Grave Robber (Vine Stalker Necromancer)   Turns: 3161, Time: 00:06:13

Health: 12/16      AC:  2    Str: 10    XL:     3   Next: 70%
Magic:  3/8        EV: 12    Int: 16    God:    Yredelemnul [*.....]
Gold:   50         SH:  0    Dex: 14    Spells: 3/7 levels left

rFire   . . .      SeeInvis .   (no weapon)
rCold   . . .      Faith    .   (no shield)
rNeg    . . .      Spirit   +   a - +0 robe
rPois   .          Reflect  .   (no helmet)
rElec   .          Harm     .   (no cloak)
rCorr   .          Rampage  .   (no gloves)
Will    .....                   (no boots)
Stlth   ++........              (no amulet)
HPRegen 0.05/turn               (no ring)
MPRegen 0.11/turn               (no ring)

@: no status effects
A: fangs 2, magic shield, antimagic bite, no potion heal 2
a: Renounce Religion, Animate Remains


You were on level 2 of the Dungeon.
You worshipped Yredelemnul.
Yredelemnul was aware of your devotion.
You visited 1 branch of the dungeon, and saw 2 of its levels.

You collected 50 gold pieces.

Inventory:

Armour
 a - a +0 robe (worn)
Jewellery
 i - a ring of ice
Scrolls
 d - a scroll of vulnerability {unknown}
Potions
 b - 2 potions of lignification {unknown}
 c - a potion of degeneration {unknown}
 e - a potion of haste {unknown}
 f - a potion of curing {unknown}
 g - a potion of brilliance {unknown}
 h - a potion of heal wounds {unknown}


   Skills:
 - Level 1.5 Dodging
 - Level 2.9 Stealth
 - Level 0.2 Unarmed Combat
 + Level 2.7 Spellcasting
 + Level 4.8 Necromancy


You had 3 spell levels left.
You knew the following spells:

 Your Spells              Type           Power      Damage    Failure   Level
a - Pain                  Necr           68%        1d7       2%          1
b - Vampiric Draining     Necr           8%         2d7       8%          3

Your spell library contained the following spells:

 Spells                   Type           Power      Damage    Failure   Level
 Animate Skeleton         Necr           34%        N/A       2%          1
 Animate Dead             Necr           8%         N/A       26%         4
 Agony                    Necr           17%        N/A       58%         5


Dungeon Overview and Level Annotations

Branches:
Dungeon (2/15)

Altars:
Yredelemnul

Shops:
D:1 (

Annotations:
D:2 Robin


Innate Abilities, Weirdness & Mutations

You have extremely sharp teeth.
When hurt, damage is shared between your health and your magic reserves.
Your bite disrupts and absorbs the magic of your enemies.
Potions cannot restore your health.


Message History

An endoplasm comes into view.
Found a faded altar of an unknown god.
There is a stone staircase leading up here.
Aiming: Pain (safe; 2% risk of failure)
Press: ? - help, Q - select action Shift-Dir - straight line, f - bat
Aim: a bat (chance to affect: 87%)
The bat writhes in agony.
You kill the bat!
The endoplasm quivers.
Aiming: Pain (safe; 2% risk of failure)
Press: ? - help, Q - select action Shift-Dir - straight line, f - bat
Aim: a bat (chance to affect: 87%)
The bat writhes in agony.
The bat closely misses you.
Aiming: Pain (safe; 2% risk of failure)
Press: ? - help, Q - select action Shift-Dir - straight line, f/p - bat
Aim: a bat (heavily wounded, chance to affect: 87%)
The bat writhes in agony.
You kill the bat!
Aiming: Pain (safe; 2% risk of failure)
Press: ? - help, Q - select action Shift-Dir - straight line, f - endoplasm
Aim: an endoplasm (chance to affect: 87%)
The endoplasm writhes in agony.
Aiming: Pain (safe; 2% risk of failure)
Press: ? - help, Q - select action Shift-Dir - straight line, f/p - endoplasm
Aim: an endoplasm (almost dead, chance to affect: 87%)
The endoplasm writhes in agony!
You kill the endoplasm!
Unknown command.
Found a stone staircase leading down.
There is a faded altar of an unknown god here.
You cannot tell which god this altar belongs to.
Convert to them anyway?
Okay, then.
You cannot tell which god this altar belongs to.
Convert to them anyway?
Uppercase [Y]es or [N]o only, please.
You cannot tell which god this altar belongs to.
Convert to them anyway?
Yredelemnul accepts your prayer! Yredelemnul welcomes you!
You can now animate remains.
Are you sure you want to abandon this character and quit the game? (Confirm with "yes".)

### ###############.
.>.# .g.)...>)......g
.... ###########.....
... #.....# #.#
##.....###..# ###
.........@..#####
..#####.#...##.........#
.......... #...⌠.....#
...#..(. #^........#
..#...# .####.........#
......# #.....†<...####
g.(.####.#..........#
...<.....#..........#
..............†.....#


There were no monsters in sight!

Vanquished Creatures
  A worm (D:2)
  A dart slug (D:2)
  7 bats
  4 endoplasms
  5 giant cockroaches
  2 hobgoblins (D:2)
  A ball python (D:1)
  2 frilled lizards (D:1)
  7 goblins
  5 kobolds
  4 rats
39 creatures vanquished.

Notes
Turn   | Place    | Note
-------+----------+-------------------------------------------
     0 | D:1      | Woods the Vine Stalker Necromancer began the quest for the
                  | Orb.
     0 | D:1      | Reached XP level 1. HP: 9/9 MP: 4/4
   377 | D:1      | Reached XP level 2. HP: 12/13 MP: 4/6
  1095 | D:1      | Found Bism's Weapon Emporium.
  1865 | D:2      | Reached XP level 3. HP: 10/16 MP: 2/7
  1869 | D:2      | Learned a level 3 spell: Vampiric Draining
  2814 | D:2      | Noticed Robin
  3149 | D:2      | Found a faded altar of an unknown god.
  3160 | D:2      | Prayed at the altar of an unknown god.
  3160 | D:2      | Became a worshipper of Yredelemnul the Dark
  3160 | D:2      | Reached * piety under Yredelemnul
  3161 | D:2      | Quit the game

Illustrated notes

Levels and vault maps discovered:
D:1:      heliophobic_arrival_ceremonial_halls, layout_basic, serial_forest,
          infiniplex_forest_lined_room_3, infiniplex_forest_side_room,
          infiniplex_forest_fountain, infiniplex_forest_end_double,
          infiniplex_forest_join, infiniplex_forest_lined_2,
          infiniplex_forest_clump_large, infiniplex_forest_diagonal,
          infiniplex_forest_clump_diagonal, infiniplex_forest_corner_2,
          serial_shops, nicolae_shop_behind_doors, hex_medium
D:2:      layout_rooms, ebering_ecumenical_altar_abandoned, minmay_tripent,
          uniq_robin

Action                   || total
-------------------------++-------
Melee: Unarmed           ||    15
       Bite              ||     5
 Cast: Pain              ||    66
 Stab: Sleeping          ||     1
Armor: Robe              ||     7
Dodge: Dodged            ||    17

Table legend: (Time is in decaauts)
 A = Elapsed time spent in this place.
 B = Non-inter-level travel time spent in this place.
 C = Inter-level travel time spent in this place.
 D = Time resting spent in this place.
 E = Time spent auto-exploring this place.
 F = Levels seen in this place.
 G = Mean time per level.
                   A        B        C        D        E       F      G
               +--------+--------+--------+--------+--------+-----+--------+
         Total |   3163 |   3094 |     69 |    786 |   1934 |   2 | 1581.5 |
       Dungeon |   3163 |   3094 |     69 |    786 |   1934 |   2 | 1581.5 |
               +--------+--------+--------+--------+--------+-----+--------+

Top non-repeatable levels by time:
     D:1: 2310 daAuts
     D:2: 853 daAuts
